 Dungeon Crawl Stone Soup version 0.20-a0-296-gf222164 (webtiles) character file.

3195 Ijustatesigmund the Proselytiser (level 9, -1/75 HPs)
             Began as a Hill Orc Monk on Dec 14, 2016.
             Was a Follower of Beogh.
             Slain by a two-headed ogre
             ... wielding a +0 giant club
              (7 damage)
             ... on level 8 of the Dungeon.
             The game lasted 00:18:37 (6626 turns).

Ijustatesigmund the Proselytiser (Hill Orc Monk)    Turns: 6626, Time: 00:18:38

Health: -1/75      AC: 20    Str: 15    XL:     9   Next: 96%
Magic:  16/16      EV:  6    Int: 10    God:    Beogh [*.....]
Gold:   420        SH: 10    Dex: 18    Spells: 6/8 levels left

rFire  . . .     SeeInvis .     m - +0 war axe
rCold  . . .     Gourm    .     j - +1 chain mail
rNeg   . . .     Faith    .     C - +0 shield
rPois  .         Spirit   .     e - +0 helmet
rElec  .         Reflect  .     (no cloak)
rCorr  .         Harm     .     I - +0 pair of gloves
MR     .....     Clarity  +     n - +2 pair of boots
Stlth  ..........               g - amulet of regeneration
                                y - +3 ring of protection
                                o - +3 ring of dexterity

@: no status effects
A: clarity
a: Renounce Religion


You were on level 8 of the Dungeon.
You worshipped Beogh.
Beogh was aware of your devotion.
You were not hungry.

You visited 1 branch of the dungeon, and saw 8 of its levels.
You also visited: Sewer.

You collected 501 gold pieces.
You spent 81 gold pieces at shops.

Inventory:

Hand Weapons
 m - a +0 war axe (weapon)
 w - a +1 flail of draining
Armour
 e - a +0 helmet (worn)
 j - a +1 chain mail (worn)
 n - a +2 pair of boots (worn)
 C - a +0 shield (worn)
 I - a +0 pair of gloves (worn)
Jewellery
 g - an amulet of regeneration (around neck)
 o - a +3 ring of dexterity (left hand)
 x - an uncursed ring of protection from cold
 y - a +3 ring of protection (right hand)
 G - an uncursed ring of resist corrosion {unknown}
Wands
 J - a wand of disintegration (15/24)
Scrolls
 b - a scroll of fear
 i - a scroll of fog
 q - 3 scrolls of remove curse
 r - a scroll of blinking
 t - a scroll of teleportation
 v - a scroll of immolation
 B - a scroll of magic mapping
 D - a scroll of identify
 E - 2 scrolls of recharging
Potions
 d - 3 potions of curing
 h - a potion of magic
 p - 2 potions of might {unknown}
 s - a potion of invisibility {unknown}
 u - 2 potions of agility {unknown}
 z - 2 potions of cancellation {unknown}
 A - a potion of flight {unknown}
 F - a potion of brilliance {unknown}
Books
 l - a book of Minor Magic

   Spells                             Type                      Level
   a - Magic Dart                     Conjuration                  1
   b - Blink                          Translocation                2
   c - Call Imp                       Summoning                    2
   d - Repel Missiles                 Charms/Air                   2
   e - Slow                           Hexes                        2
   f - Conjure Flame                  Conjuration/Fire             3
   g - Mephitic Cloud                 Conjuration/Poison/Air       3
Comestibles
 a - 3 meat rations
 c - 9 bread rations
 f - 8 beef jerkies
 k - 6 fruits
 H - 8 chunks of flesh


   Skills:
 - Level 6.1 Fighting
 - Level 9.2 Axes
 - Level 7.3 Armour
 - Level 2.4 Dodging
 - Level 1.5 Stealth
 - Level 5.1 Shields
 + Level 9.8 Invocations


You had 6 spell levels left.
You knew the following spells:

 Your Spells              Type           Power        Failure   Level  Hunger
a - Blink                 Tloc           N/A          100%        2    ###....


Dungeon Overview and Level Annotations

Branches:
Dungeon (8/15)             Temple (0/1) D:6
   Lair: D:8-11

Altars:
Fedhas
Okawaru
Ru
Trog
Vehumet
Yredelemnul

Shops:
D:7 *


Innate Abilities, Weirdness & Mutations

You possess an exceptional clarity of mind.


Message History

The two-headed ogre hits you with a giant club.
The two-headed ogre hits you but does no damage.
You barely miss the two-headed ogre.
The two-headed ogre is severely wounded.
You block the two-headed ogre's attack.
The two-headed ogre hits you with a giant club!!
You slash the two-headed ogre!
The two-headed ogre is severely wounded.
The two-headed ogre hits you with a giant club! x2
* * * LOW HITPOINT WARNING * * *
You hit the two-headed ogre but do no damage.
The two-headed ogre is severely wounded.
The two-headed ogre hits you with a giant club!
* * * LOW HITPOINT WARNING * * *
The two-headed ogre hits you but does no damage.
You hit the two-headed ogre but do no damage.
The two-headed ogre is severely wounded.
You block the two-headed ogre's attack.
The two-headed ogre hits you with a giant club!
You die...

#.# #.# ###### #.#
#....#
####.########....##
#>................#
#.##.########.....##
#.##.# ### #####..#
#....##...########.###
#....@O...............
#######(..#########.##
..# #.# ## #.. ##.# .#
.. #. .


You could see a two-headed ogre.

Vanquished Creatures
  Grinder (D:5)
  2 hippogriffs
  Sigmund (D:3)
  A hungry ghost (D:6)
  Duvessa (D:5)
  3 ice beasts
  Purgy (Sewer)
  2 ogres (D:7)
  4 centaurs
  A big kobold (Sewer)
  A bullfrog (D:7)
  Dowan (D:5)
  4 killer bees (D:7)
  A howler monkey (D:6)
  4 electric eels (D:6)
  2 bullfrog zombies (D:5)
  3 crimson imps (D:5)
  3 centaur skeletons
  3 hounds
  An orc wizard (D:4)
  2 iguanas (D:5)
  3 worker ants (D:4)
  A killer bee zombie (D:5)
  12 gnolls
  A howler monkey zombie (D:5)
  11 adders
  A howler monkey skeleton (D:5)
  2 shadow imps
  2 oozes (D:7)
  An adder skeleton (D:5)
  3 adder zombies
  A worm (D:4)
  3 dart slugs
  A leopard gecko (D:2)
  5 orcs (D:4)
  11 bats
  10 giant cockroaches
  11 goblins
  4 hobgoblins
  5 jackals
  10 kobolds
  A quokka (D:3)
  8 frilled lizards
  A giant cockroach zombie (D:5)
  A jackal zombie (D:5)
  6 rats
157 creatures vanquished.

Vanquished Creatures (others)
  An orc priest (D:4)
  4 orcs (D:4)
5 creatures vanquished.

Grand Total: 162 creatures vanquished

Notes
Turn   | Place    | Note
-------+----------+-------------------------------------------
     0 | D:1      | Ijustatesigmund the Hill Orc Monk began the quest for the Orb.
     0 | D:1      | Reached XP level 1. HP: 19/19 MP: 1/1
   269 | D:1      | Reached XP level 2. HP: 25/27 MP: 2/2
   627 | D:2      | Reached skill level 5 in Axes
   714 | D:2      | Reached XP level 3. HP: 33/33 MP: 3/3
  1264 | D:2      | Reached XP level 4. HP: 37/40 MP: 4/4
  1693 | D:3      | Found an iron altar of Okawaru.
  1891 | D:4      | Reached XP level 5. HP: 41/47 MP: 5/5
  1915 | D:4      | Learned a level 2 spell: Blink
  1955 | D:4      | Reached skill level 5 in Fighting
  2104 | D:3      | Noticed Sigmund
  2342 | D:3      | Reached XP level 6. HP: 49/56 MP: 6/6
  2405 | D:3      | Killed Sigmund
  2503 | D:3      | Found a bloodstained altar of Trog.
  2506 | D:3      | Found a basalt altar of Yredelemnul.
  2507 | D:3      | Found a sacrificial altar of Ru.
  2508 | D:3      | Found a radiant altar of Vehumet.
  2511 | D:3      | Found a blossoming altar of Fedhas.
  2639 | D:4      | Reached XP level 7. HP: 47/62 MP: 7/7
  2799 | D:4      | Became a worshipper of Beogh the Brigand
  2799 | D:4      | Reached * piety under Beogh
  2799 | D:4      | Reached ** piety under Beogh
  2878 | D:4      | Reached skill level 1 in Invocations
  3116 | D:4      | Gained mutation: You possess an exceptional clarity of mind. [potion of beneficial mutation]
  3125 | D:4      | Reached skill level 1 in Armour
  3308 | D:5      | Entered Level 5 of the Dungeon
  3487 | D:5      | Found a glowing drain.
  3510 | D:5      | Reached XP level 8. HP: 70/70 MP: 10/10
  3538 | Sewer    | Entered a sewer
  3565 | Sewer    | Noticed Purgy
  3586 | Sewer    | Killed Purgy
  3746 | D:5      | Reached skill level 5 in Invocations
  3848 | D:5      | Noticed Duvessa
  3848 | D:5      | Noticed Dowan
  3875 | D:5      | Killed Duvessa
  3875 | D:5      | Reached *** piety under Beogh
  3881 | D:5      | Killed Dowan
  3963 | D:5      | Noticed Grinder
  3964 | D:5      | Reached skill level 5 in Armour
  4416 | D:6      | Reached XP level 9. HP: 40/75 MP: 14/14
  4599 | D:6      | Found a staircase to the Ecumenical Temple.
  5520 | D:7      | Reached skill level 1 in Shields
  5566 | D:7      | Found Uromp's Assorted Antiques.
  5574 | D:7      | Bought a potion of curing for 81 gold pieces
  5773 | D:5      | Paralysed by Grinder for 3 turns
  5777 | D:5      | Killed Grinder
  6349 | D:6      | Reached skill level 5 in Shields
  6613 | D:8      | Noticed a two-headed ogre
  6626 | D:8      | Slain by a two-headed ogre

Vault maps used:
D:1:      lightli_arrival_chessboard, minmay_tree_intersection
D:2:      lemuel_upstairs_altar, serial_bayou_ford_a
D:3:      minitemple, okawaru_ov_weapons_minmay, uniq_sigmund
D:4:      minmay_thick_lines
D:5:      serial_undead, serial_undead_b, serial_undead_e, serial_undead_a,
          serial_undead_d, gup_sewer_entry_glass, first_bread,
          grunt_decor_arrowhead, uniq_duvessa, uniq_grinder
D:6:      cheibrodos_two_vegetables
D:7:      serial_shops, shop, minivault_19, grunt_ogre_cave
Sewer:    kennysheep_door_sewer

Skill      XL: |  1  2  3  4  5  6  7  8  9 |
---------------+----------------------------+-----
Axes           | 5 6 7 8 9 |  9.2
Fighting       | 4 5 6 |  6.1
Invocations    | 3 7 9 |  9.8
Armour         | 2 6 7 |  7.3
Shields        | 5 |  5.1
Dodging        | |  2.4
Stealth        | |  1.5

Action                   |  1- 3 |  4- 6 |  7- 9 || total
-------------------------+-------+-------+-------++-------
Melee: Hand axe          |   146 |    17 |       ||   163
       War axe           |       |   161 |   515 ||   676
Invok: Convert to Beogh  |       |       |     1 ||     1
       Smiting           |       |       |    12 ||    12
  Use: Scroll            |     4 |     6 |     9 ||    19
       Potion            |       |     3 |     4 ||     7
 Stab: Sleeping          |     3 |       |       ||     3
  Eat: Chunk             |     1 |     3 |     8 ||    12
       Fruit             |       |     2 |       ||     2
       Pizza             |       |       |     1 ||     1
       Royal jelly       |       |       |     2 ||     2
       Bread ration      |       |       |     1 ||     1
Armor: Robe              |     4 |       |       ||     4
       Chain mail        |    78 |   136 |   472 ||   686
       Leather armour    |     3 |       |       ||     3
Dodge: Dodged            |    55 |    88 |   190 ||   333
Block: Shield            |       |       |    34 ||    34
